[Event "Titled Tuesday Blitz March 01 Early 2022"]
[White "Van Foreest, Jorden"]
[Black "Kanyamarala, Tarun"]
[WhiteFideId "1039784"]
[BlackFideId "45004714"]
[WhiteElo "2609"]
[BlackElo "2144"]
[Result "1-0"]
[Round "01"]
[TimeControl "180+1"]
[Date "2022.03.01"]
[WhiteClock "0:00:15"]
[BlackClock "0:00:10"]

1. d4 f5 2. Nc3 Nf6 3. Bg5 d5 4. e3 e6 5. Bd3 Be7 6. Nf3 O-O 7. O-O Nbd7 8. Ne2 Ne4 9. Bxe7 Qxe7 10. c4 c6 11. Rb1 Rf6 12. b4 Rh6 13. b5 g5 14. bxc6 bxc6 15. Bxe4 fxe4 16. Ne5 Nxe5 17. dxe5 g4 18. g3 Qg5 19. Nf4 Qxe5 20. Qxg4+ Kh8 21. Rfc1 Ba6 22. cxd5 Rg8 23. Qxg8+ Kxg8 24. Rxc6 Be2 25. Rc8+ Kg7 26. Rb7+ Kf6 27. Rf8+ Kg5 28. Nxe2 Rf6 29. Rg8+ Kh6 30. Rgg7 Rf8 31. Rxh7+ Kg6 32. Nf4+ Rxf4 33. Rbg7+ Kf6 34. Rf7+ Kg6 35. Rhg7+ Kh6 36. gxf4 Qa1+ 37. Kg2 exd5 38. Rg3 Qxa2 39. f5 d4 40. Rg6+ Kh5 41. Rh7# 1-0


[Site "https://www.chess.com"]

[Event "Titled Tuesday Blitz March 01 Early 2022"]
[White "Vantika, Agrawal"]
[Black "Zanette, Edgard Vinicius"]
[WhiteFideId "25050389"]
[BlackFideId "2109263"]
[WhiteElo "2075"]
[BlackElo "2182"]
[Result "1-0"]
[Round "01"]
[TimeControl "180+1"]
[Date "2022.03.01"]
[WhiteClock "0:00:22"]
[BlackClock "0:00:29"]

1. d4 f5 2. Nf3 Nf6 3. g3 e6 4. Bg2 Be7 5. O-O O-O 6. c4 d6 7. Nc3 Ne4 8. Qc2 Nxc3 9. Qxc3 Bf6 10. Rd1 Nc6 11. Qc2 e5 12. dxe5 Nxe5 13. Nd4 g6 14. Bh6 Re8 15. h3 Nf7 16. Bf4 Qe7 17. Nb5 a6 18. Nc3 c6 19. h4 Be6 20. e4 Rad8 21. exf5 Bxf5 22. Qd2 Ne5 23. Re1 Nxc4 24. Rxe7 Nxd2 25. Rxe8+ Rxe8 26. Bxd2 d5 27. Re1 Rd8 28. Bg5 Kf7 29. Bxf6 Kxf6 30. Na4 Rd7 31. Nc5 Re7 32. Rxe7 Kxe7 33. Nxb7 Bb1 34. a3 1-0


[Site "https://www.chess.com"]

[Event "Titled Tuesday Blitz March 01 Early 2022"]
[White "Vetokhin, Ilia"]
[Black "Yilmaz, Mustafa"]
[WhiteFideId "24156078"]
[BlackFideId "6302718"]
[WhiteElo "1897"]
[BlackElo "2568"]
[Result "0-1"]
[Round "01"]
[TimeControl "180+1"]
[Date "2022.03.01"]
[WhiteClock "0:00:38"]
[BlackClock "0:00:36"]

1. d4 Nf6 2. c4 g6 3. Nc3 Bg7 4. e4 d6 5. Be2 O-O 6. Bg5 c5 7. d5 e6 8. Qd2 exd5 9. exd5 Qb6 10. Nf3 Bf5 11. Nh4 Ne4 12. Nxe4 Bxe4 13. f3 h6 14. Bxh6 Bxh6 15. Qxh6 Qxb2 16. O-O Bc2 17. Qd2 Qf6 18. Qxc2 Qxh4 19. f4 Nd7 20. Bd3 Nf6 21. g3 Qh8 22. Qb2 Rae8 23. Rae1 b6 24. a4 Qg7 25. Kg2 Ng4 26. Qxg7+ Kxg7 27. Rxe8 Rxe8 28. Ra1 Re3 29. Bf1 Rc3 30. Be2 Rc2 31. Kf3 f5 32. h3 Rc3+ 33. Kg2 Ne3+ 34. Kf2 Nxc4 35. a5 Nxa5 36. g4 Rxh3 37. gxf5 gxf5 38. Rg1+ Kf6 39. Rg8 Nb3 40. Rf8+ Ke7 41. Rxf5 Rh2+ 42. Kg3 Rxe2 43. Rh5 Nd4 44. Rh7+ Kf6 45. Kg4 Rg2+ 46. Kh3 Rg7 47. Rh6+ Kf5 48. Rxd6 Kxf4 49. Rd8 Nf5 50. d6 Kf3 51. Kh2 Rh7+ 52. Kg1 Ng3 53. Rf8+ Ke4 54. Kg2 Nf5 55. Re8+ Kd5 56. Rf8 Nxd6 57. Rf4 Rg7+ 58. Kf2 Rf7 59. Rf6 Rxf6+ 60. Ke3 Re6+ 61. Kd3 Re4 62. Kc3 Rb4 63. Kc2 a5 64. Kc3 a4 65. Kc2 a3 66. Kc3 a2 67. Kc2 Nb7 68. Kd2 Na5 69. Kc3 Kc6 70. Kc2 Kb5 71. Kd2 Ka4 72. Kc2 Ka3 73. Kd3 b5 74. Kd2 Rc4 75. Kd3 b4 76. Kd2 Rc3 77. Ke2 Kb2 78. Kd2 b3 79. Ke2 c4 80. Kd2 Nb7 81. Kd1 Nc5 82. Kd2 Na6 83. Ke2 Nb4 84. Kd2 Rc1 85. Ke2 a1=Q 86. Kd2 Qb1 87. Ke2 Qd3+ 88. Kf2 Rc2+ 89. Ke1 Qd2+ 90. Kf1 Ka3 91. Kg1 Nd3 92. Kh1 b2 93. Kg1 Qe2 94. Kh1 c3 95. Kg1 Rd2 96. Kh1 c2 97. Kg1 c1=Q# 0-1


[Site "https://www.chess.com"]

[Event "Titled Tuesday Blitz March 01 Early 2022"]
[White "Viani Antonio Dcunha"]
[Black "Krylov, Ivan"]
[WhiteFideId "5027330"]
[BlackFideId "24128066"]
[WhiteElo "2366"]
[BlackElo "2258"]
[Result "1-0"]
[Round "01"]
[TimeControl "180+1"]
[Date "2022.03.01"]
[WhiteClock "0:01:59"]
[BlackClock "0:02:21"]

1. e4 c6 2. d4 d5 3. exd5 cxd5 4. c4 Nf6 5. Nc3 g6 6. Bg5 Bg7 7. Nf3 dxc4 8. Bxc4 O-O 9. O-O Bg4 10. h3 Bxf3 11. Qxf3 Nc6 12. Rad1 Qb6 13. Bxf6 Bxf6 14. Nd5 Qxb2 15. Nxf6+ exf6 16. Qxf6 Rad8 17. Rfe1 Rxd4 18. Bxf7+ Rxf7 19. Re8+ Rf8 20. Rxf8# 1-0


[Site "https://www.chess.com"]

[Event "Titled Tuesday Blitz March 01 Early 2022"]
[White "Vlassov, Nikolai"]
[Black "Ovezdurdyyeva, Jemal"]
[WhiteFideId "4103360"]
[BlackFideId "14001888"]
[WhiteElo "2407"]
[BlackElo "1946"]
[Result "1-0"]
[Round "01"]
[TimeControl "180+1"]
[Date "2022.03.01"]
[WhiteClock "0:00:20"]
[BlackClock "0:00:17"]

1. e4 d6 2. f4 Nf6 3. Nc3 g6 4. Nf3 c6 5. d4 b5 6. Bd3 b4 7. Ne2 Bg7 8. O-O O-O 9. h3 c5 10. e5 Ne8 11. dxc5 d5 12. a3 bxa3 13. b4 a5 14. b5 Nd7 15. Bxa3 Qc7 16. c6 Qb6+ 17. Kh2 Nc5 18. Rb1 Nc7 19. Bxc5 Qxc5 20. b6 Qxc6 21. bxc7 Qxc7 22. Ned4 f6 23. Qe2 a4 24. exf6 Qxf4+ 25. Kh1 Qxf6 26. Bb5 e5 27. Bc6 Ba6 28. Bxd5+ Kh8 29. Nb5 Rab8 30. c4 Qe7 31. Nd2 Qd7 32. Rxf8+ Rxf8 33. Ne4 Rc8 34. Nec3 Qe7 35. Nxa4 Rf8 36. Nac3 Qc5 37. Ne4 Qc8 38. Nbd6 Qd7 39. Rf1 Rb8 40. Nf7+ 1-0


[Site "https://www.chess.com"]

[Event "Titled Tuesday Blitz March 01 Early 2022"]
[White "Volkov, Maksim"]
[Black "Quirke, Jeffrey"]
[WhiteFideId "54123070"]
[BlackFideId "2013029"]
[WhiteElo "2081"]
[BlackElo "2152"]
[Result "1-0"]
[Round "01"]
[TimeControl "180+1"]
[Date "2022.03.01"]
[WhiteClock "0:00:11"]
[BlackClock "0:00:01"]

1. d4 Nf6 2. c4 e6 3. g3 d5 4. Nf3 Bb4+ 5. Bd2 a5 6. Qc2 O-O 7. Bg2 c5 8. cxd5 cxd4 9. dxe6 Bxe6 10. O-O Nc6 11. a3 Be7 12. Bg5 Qd7 13. Nbd2 Rac8 14. Qa4 Rfd8 15. Rfd1 h6 16. Bxf6 Bxf6 17. Rac1 Bd5 18. Nc4 Bxc4 19. Rxc4 Qe6 20. Rc2 Qf5 21. Ne1 b5 22. Qb3 a4 23. Qd3 Qxd3 24. Nxd3 Na5 25. Rdc1 Rxc2 26. Rxc2 Nc4 27. Bc6 Rb8 28. Bxb5 Nxa3 29. bxa3 Rxb5 30. Rc4 Rb3 31. Rxa4 Be7 32. Ra8+ Kh7 33. a4 Ra3 34. a5 Ra2 35. Kf1 Ra1+ 36. Kg2 Ra2 37. Kf3 Bf6 38. h4 g6 39. Nf4 Ra3+ 40. Ke4 h5 41. a6 Ra2 42. Ra7 Kg7 43. Ra8 Be7 44. Kd3 Bf6 45. Nd5 Be5 46. a7 Bd6 47. Kxd4 Ra4+ 48. Kd3 Bc5 49. Nc7 Rxa7 50. Rxa7 Bxa7 51. e3 Bb6 52. Nd5 Bd8 53. Ke4 Kg8 54. Nb4 Kg7 55. Nc6 Bc7 56. Ne7 Bd6 57. Nd5 Bb8 58. f4 Bd6 59. Kd3 Bc5 60. e4 Bf2 61. Ne3 Bxg3 62. Ng2 Bf2 63. e5 Bc5 64. Ke4 Bf2 65. Kf3 Bd4 66. Ne1 Bc3 67. Nd3 1-0


[Site "https://www.chess.com"]

[Event "Titled Tuesday Blitz March 01 Early 2022"]
[White "Vusatiuk, Vladimir"]
[Black "Lazavik, Denis"]
[WhiteFideId "14118610"]
[BlackFideId "13515110"]
[WhiteElo "2157"]
[BlackElo "2436"]
[Result "1-0"]
[Round "01"]
[TimeControl "180+1"]
[Date "2022.03.01"]
[WhiteClock "0:00:12"]
[BlackClock "0:00:04"]

1. d4 f5 2. Nc3 Nf6 3. Bg5 d5 4. Bxf6 exf6 5. e3 Be6 6. Bd3 Qd7 7. Qf3 Nc6 8. a3 g6 9. Nge2 O-O-O 10. O-O h5 11. b4 g5 12. b5 g4 13. bxc6 Qxc6 14. Qxf5 Bxf5 15. Bxf5+ Kb8 16. Rfb1 Bd6 17. a4 a5 18. Rb5 Bb4 19. Na2 Bd6 20. Rxa5 h4 21. Bxg4 Qxc2 22. Rb5 c6 23. Rb6 Bc7 24. Rb4 Ba5 25. Rbb1 h3 26. g3 Qe4 27. Nf4 Rdg8 28. Bxh3 Bc7 29. Bg2 Qf5 30. Ne2 Qh5 31. Rb2 Qxh2+ 32. Kf1 Qh5 33. Rab1 Kc8 34. Rxb7 Kd7 35. Nf4 Qf5 36. a5 Rh2 37. a6 Rgh8 38. a7 Rh1+ 39. Bxh1 Rxh1+ 40. Kg2 Qe4+ 41. f3 Rxb1 42. fxe4 Rxb7 43. a8=Q Rb2+ 44. Kh3 1-0


[Site "https://www.chess.com"]

[Event "Titled Tuesday Blitz March 01 Early 2022"]
[White "Wagner, Dennis"]
[Black "Topalov, Aleksandar"]
[WhiteFideId "24650684"]
[BlackFideId "925659"]
[WhiteElo "2355"]
[BlackElo "2098"]
[Result "1-0"]
[Round "01"]
[TimeControl "180+1"]
[Date "2022.03.01"]
[WhiteClock "0:01:02"]
[BlackClock "0:00:18"]

1. e4 e6 2. d4 d5 3. Nc3 Bb4 4. Bd2 Nf6 5. e5 Ng8 6. Nce2 Bf8 7. f4 h5 8. Nf3 g6 9. c3 Qd7 10. a4 a5 11. Nc1 b6 12. Bb5 c6 13. Be2 Ba6 14. Nd3 Nh6 15. Be3 Nf5 16. Bf2 Be7 17. g3 Qc7 18. h3 c5 19. Rc1 Bxd3 20. Bxd3 c4 21. Be2 Nc6 22. b3 cxb3 23. Qxb3 Kf8 24. Kd2 Rb8 25. g4 Ng7 26. Bd3 Na7 27. Qb1 Qd7 28. Qa2 Rc8 29. Rb1 Qc7 30. Qb3 Rb8 31. Nh4 Qd8 32. Ng2 Qd7 33. Ne3 Qc6 34. Bg3 Qd7 35. Rbf1 b5 36. axb5 Nxb5 37. Rb1 Bb4 38. cxb4 Nxd4 39. Qa3 hxg4 40. bxa5+ Kg8 41. Rxb8+ 1-0


[Site "https://www.chess.com"]

[Event "Titled Tuesday Blitz March 01 Early 2022"]
[White "Wong, Yinn Long"]
[Black "Devaev, Alexander"]
[WhiteFideId "5707684"]
[BlackFideId "4169395"]
[WhiteElo "2055"]
[BlackElo "2185"]
[Result "1-0"]
[Round "01"]
[TimeControl "180+1"]
[Date "2022.03.01"]
[WhiteClock "0:00:07"]
[BlackClock "0:00:29"]

1. d4 Nf6 2. Bf4 d5 3. e3 e6 4. Nd2 Bd6 5. Bg3 Qe7 6. Ngf3 Bxg3 7. hxg3 Nbd7 8. c3 e5 9. dxe5 Nxe5 10. Nxe5 Qxe5 11. Qa4+ c6 12. Qf4 Qe7 13. Bd3 Be6 14. O-O-O O-O-O 15. Nf3 h6 16. Bf5 Qc7 17. Nd4 Rhe8 18. Qf3 c5 19. Nb3 Kb8 20. Kb1 b6 21. g4 Qe5 22. Nc1 Bxf5+ 23. gxf5 Qe4+ 24. Qxe4 dxe4 25. Ne2 Kc7 26. Kc2 Re5 27. Ng3 Red5 28. Rxd5 Rxd5 29. Rh4 Re5 30. c4 Kd6 31. Rf4 Re7 32. Kc3 Ke5 33. Rh4 Rd7 34. Kc2 a6 35. f4+ Kd6 36. Rh1 Kc6 37. Re1 b5 38. b3 Rb7 39. Nf1 Rd7 40. Nd2 b4 41. Rg1 Rd3 42. Nxe4 Rxe3 43. Nxf6 gxf6 44. Kd2 Rc3 45. Rh1 Rg3 46. Rxh6 Rxg2+ 47. Kd3 Rxa2 48. Rxf6+ Kd7 49. Rxf7+ Kd8 50. Ra7 a5 51. f6 Ke8 52. Ke4 a4 53. bxa4 b3 54. Kd5 Rf2 55. Rb7 b2 56. f7+ Kf8 57. Ke5 Rd2 58. a5 Rd7 59. Rxb2 Kxf7 60. Rb5 Re7+ 61. Kd5 Rd7+ 62. Kxc5 Re7 63. a6 Rc7+ 64. Kb6 Rc8 65. a7 1-0


[Site "https://www.chess.com"]

[Event "Titled Tuesday Blitz March 01 Early 2022"]
[White "Xie, Bryan"]
[Black "Godzwon, Iwo"]
[WhiteFideId "30941296"]
[BlackFideId "21802483"]
[WhiteElo "1899"]
[BlackElo "2201"]
[Result "0-1"]
[Round "01"]
[TimeControl "180+1"]
[Date "2022.03.01"]
[WhiteClock "0:00:01"]
[BlackClock "0:01:42"]

1. d4 Nf6 2. Nf3 e6 3. Bf4 b6 4. e3 Bb7 5. Nbd2 d6 6. Bd3 Nbd7 7. O-O g6 8. h3 Bg7 9. e4 Qe7 10. Re1 e5 11. dxe5 dxe5 12. Bh2 O-O 13. Nc4 Ne8 14. a4 a5 15. Ne3 Nc5 16. Nd5 Qd6 17. Bc4 Rd8 18. Nc3 Qe7 19. Qe2 Nd6 20. Bd5 Ba6 21. Qe3 Kh8 22. Rad1 f6 23. b3 Qe8 24. Nd2 c6 25. Bc4 Nxc4 26. Nxc4 Bxc4 27. bxc4 Qe6 28. Rb1 Rb8 29. Qe2 Rfd8 30. Red1 Rxd1+ 31. Qxd1 Qxc4 32. Qd6 Rg8 33. Nd1 Nxe4 34. Qe7 Qxc2 0-1


[Site "https://www.chess.com"]

[Event "Titled Tuesday Blitz March 01 Early 2022"]
[White "Yanayt, Eugene"]
[Black "Hakemi, Arman"]
[WhiteFideId "2020165"]
[BlackFideId "22520805"]
[WhiteElo "2046"]
[BlackElo "2208"]
[Result "0-1"]
[Round "01"]
[TimeControl "180+1"]
[Date "2022.03.01"]
[WhiteClock "0:00:03"]
[BlackClock "0:00:28"]

1. d4 g6 2. e4 Bg7 3. Nc3 d6 4. f4 a6 5. a4 b6 6. Nf3 Bb7 7. Bc4 e6 8. O-O d5 9. exd5 exd5 10. Bd3 Ne7 11. f5 O-O 12. Bg5 f6 13. fxg6 fxg5 14. Nxg5 h6 15. Ne6 Rxf1+ 16. Qxf1 Qe8 17. Re1 Nd7 18. Nxc7 Qf8 19. Nxa8 Bxa8 20. Qe2 Bxd4+ 21. Kh1 Be5 22. Qg4 Bxc3 23. Qe6+ Kh8 24. bxc3 Nc5 25. Qxe7 Qxe7 26. Rxe7 Bc6 27. g7+ Kg8 28. Bg6 Bxa4 29. Ra7 Bd7 30. Bd3 a5 31. Ba6 Be6 32. Bd3 Bf7 33. Bh7+ Kxg7 34. Rxf7+ Kxf7 35. Bd3 a4 0-1


[Site "https://www.chess.com"]

[Event "Titled Tuesday Blitz March 01 Early 2022"]
[White "Yang, Kaiqi"]
[Black "Winkels, Marcel"]
[WhiteFideId "8604398"]
[BlackFideId "1003887"]
[WhiteElo "2373"]
[BlackElo "1900"]
[Result "1-0"]
[Round "01"]
[TimeControl "180+1"]
[Date "2022.03.01"]
[WhiteClock "0:00:47"]
[BlackClock "0:00:07"]

1. c4 e5 2. g3 d6 3. Bg2 f5 4. Nc3 Nf6 5. Nf3 Be7 6. O-O O-O 7. d4 Nbd7 8. dxe5 dxe5 9. b3 c6 10. Bb2 Qe8 11. Qc2 Qh5 12. Rad1 e4 13. Nd4 Ne5 14. f3 exf3 15. exf3 Bc5 16. Ne2 Qh6 17. Kh1 Nfg4 18. fxg4 Nxg4 19. h3 Ne3 20. Qc1 Nxd1 21. Qxh6 gxh6 22. Rxd1 f4 23. Nxf4 1-0


[Site "https://www.chess.com"]

[Event "Titled Tuesday Blitz March 01 Early 2022"]
[White "Yurtseven, Melih"]
[Black "Indjic, Aleksandar"]
[WhiteFideId "6312160"]
[BlackFideId "911925"]
[WhiteElo "2160"]
[BlackElo "2616"]
[Result "0-1"]
[Round "01"]
[TimeControl "180+1"]
[Date "2022.03.01"]
[WhiteClock "0:01:12"]
[BlackClock "0:02:22"]

1. Nf3 d5 2. g3 Nd7 3. d4 Nb6 4. Bg2 Nf6 5. O-O h6 6. b3 Bf5 7. Bb2 e6 8. Nbd2 Be7 9. c4 c6 10. Ne5 Bh7 11. Re1 Nbd7 12. Nd3 Ne4 13. Nxe4 dxe4 14. Nf4 O-O 15. Qd2 Qb6 16. Qe3 Nf6 17. h3 g5 18. Nxe6 fxe6 19. h4 Ng4 20. Qc3 Bb4 21. Qc2 e3 0-1


[Site "https://www.chess.com"]

[Event "Titled Tuesday Blitz March 01 Early 2022"]
[White "Zaksaite, Salomeja"]
[Black "Ambartsumova, Karina"]
[WhiteFideId "12801496"]
[BlackFideId "4166299"]
[WhiteElo "2002"]
[BlackElo "2262"]
[Result "0-1"]
[Round "01"]
[TimeControl "180+1"]
[Date "2022.03.01"]
[WhiteClock "0:00:02"]
[BlackClock "0:00:35"]

1. e4 e5 2. Nf3 Nc6 3. Bc4 Nf6 4. d4 exd4 5. e5 d5 6. Bb5 Ne4 7. Nxd4 Bd7 8. Bxc6 bxc6 9. O-O Be7 10. f3 Nc5 11. f4 f5 12. exf6 Bxf6 13. Re1+ Ne4 14. Nc3 O-O 15. Nxe4 dxe4 16. Be3 c5 17. Nb3 Bxb2 18. Qd5+ Kh8 19. Rad1 Bg4 20. Qxd8 Raxd8 21. Rxd8 Rxd8 22. Bxc5 Bf5 23. h3 h5 24. Bxa7 Ra8 25. Bd4 Rxa2 26. Bxb2 Rxb2 27. Nd4 Bh7 28. Re2 c5 29. Ne6 c4 30. Kf2 e3+ 31. Kxe3 Rxc2 32. Rxc2 Bxc2 33. Kd4 Bd3 34. Nc5 Bf1 35. Ne4 Bxg2 36. Ng5 Bf1 37. h4 g6 38. Nf7+ Kg7 39. Ne5 Kf6 40. Kc3 Kf5 41. Kd4 Bd3 42. Kc3 Kxf4 43. Nxd3+ cxd3 44. Kxd3 Kg4 0-1


[Site "https://www.chess.com"]

[Event "Titled Tuesday Blitz March 01 Early 2022"]
[White "Zavivaeva, Emilia"]
[Black "Karttunen, Mika"]
[WhiteFideId "34127531"]
[BlackFideId "502081"]
[WhiteElo "1685"]
[BlackElo "2343"]
[Result "0-1"]
[Round "01"]
[TimeControl "180+1"]
[Date "2022.03.01"]
[WhiteClock "0:00:03"]
[BlackClock "0:00:09"]

1. e4 c5 2. Nf3 Nc6 3. d4 cxd4 4. Nxd4 Nf6 5. Nc3 e5 6. Ndb5 d6 7. Bg5 a6 8. Na3 b5 9. Bxf6 gxf6 10. Nd5 Bg7 11. g3 f5 12. Bg2 O-O 13. O-O fxe4 14. Bxe4 f5 15. Bg2 e4 16. c3 Ne5 17. Nc2 Nd3 18. Rb1 Be6 19. Ndb4 Bc4 20. b3 Nxb4 21. Nxb4 Bxf1 22. Bxf1 Bxc3 23. Nd5 Be5 24. Qh5 Rc8 25. Rd1 Rc2 26. a4 bxa4 27. bxa4 a5 28. Ne3 Rc5 29. Nxf5 Kh8 30. Ne3 Qf6 31. Ng4 Qf3 32. Rb1 Bd4 33. Qh3 Bxf2+ 34. Nxf2 Qxf2+ 35. Kh1 e3 36. Rb7 Qxf1+ 37. Qxf1 Rxf1+ 38. Kg2 Rf2+ 39. Kh3 e2 40. Rb8+ Kg7 41. Rb7+ Rf7 42. Rb1 Rf1 43. Rb2 e1=Q 0-1


[Site "https://www.chess.com"]

[Event "Titled Tuesday Blitz March 01 Early 2022"]
[White "Zheenbekov, Nurgazy"]
[Black "Abdyzhapar, Asylbek"]
[WhiteFideId "13800485"]
[BlackFideId "13800337"]
[WhiteElo "1959"]
[BlackElo "2331"]
[Result "0-1"]
[Round "01"]
[TimeControl "180+1"]
[Date "2022.03.01"]
[WhiteClock "0:00:28"]
[BlackClock "0:01:35"]

1. e4 d6 2. d4 Nf6 3. Nc3 g6 4. Nf3 Bg7 5. Be2 O-O 6. O-O Nc6 7. d5 Nb8 8. h3 c6 9. Re1 Nbd7 10. Bf4 a5 11. a4 Nc5 12. Bc4 Qb6 13. Rb1 Qb4 14. b3 Nh5 15. Na2 Qa3 16. Bc1 Qxa2 17. Bd2 Nxa4 18. Qe2 Nc3 19. Bxc3 Bxc3 20. Red1 Qa3 21. e5 cxd5 22. Bxd5 Nf4 23. Qc4 Nxd5 24. Qxd5 Be6 25. Qd3 Bxe5 26. Nxe5 dxe5 0-1


[Site "https://www.chess.com"]

[Event "Titled Tuesday Blitz March 01 Early 2022"]
[White "Zhigalko, Sergei"]
[Black "Eynullayev, Altay"]
[WhiteFideId "13502956"]
[BlackFideId "13413562"]
[WhiteElo "2662"]
[BlackElo "2079"]
[Result "1-0"]
[Round "01"]
[TimeControl "180+1"]
[Date "2022.03.01"]
[WhiteClock "0:00:04"]
[BlackClock "0:00:15"]

1. e4 c5 2. Nf3 e6 3. c3 Nf6 4. e5 Nd5 5. Bc4 d6 6. d4 cxd4 7. cxd4 Be7 8. O-O Nc6 9. Bd2 O-O 10. Nc3 Nxc3 11. Bxc3 Bd7 12. Qe2 Rc8 13. Rfe1 Na5 14. Bd3 b5 15. Bxb5 Bxb5 16. Qxb5 Nc4 17. d5 exd5 18. Qxd5 dxe5 19. Qxd8 Rfxd8 20. Nxe5 Nxe5 21. Bxe5 Bc5 22. Rad1 f6 23. Bc3 Kf7 24. Kf1 Bb6 25. f3 h5 26. Rxd8 Rxd8 27. Ke2 Bc7 28. h3 Bg3 29. Rd1 Re8+ 30. Kf1 Kg6 31. Rd7 a6 32. Rd5 Re6 33. a4 h4 34. Rd7 Kh6 35. Rd4 Kg6 36. Rg4+ Kf7 37. Re4 Rd6 38. Ke2 Kg6 39. b4 Rc6 40. Kd3 Kf5 41. b5 axb5 42. axb5 Rc8 43. b6 Bf2 44. b7 Rb8 45. Re7 Kg6 46. Rd7 Bg3 47. Bd4 Kh6 48. Ba7 Re8 49. Kc4 Re2 50. Bb6 Rc2+ 51. Kb5 Rb2+ 52. Kc6 Rxg2 53. Bc7 Rc2+ 54. Kb6 Rb2+ 55. Ka7 Bf2+ 56. Kb8 g5 57. Kc8 Ba7 58. Rd6 Kg6 59. Ra6 Bd4 60. b8=Q Rxb8+ 61. Kxb8 Kf5 62. Kc8 Kg6 63. Kd7 Kh5 64. Ke6 1-0


[Site "https://www.chess.com"]

[Event "Titled Tuesday Blitz March 01 Early 2022"]
[White "Zia, Tahsin Tajwar"]
[Black "Korchmar, Vasiliy"]
[WhiteFideId "10211888"]
[BlackFideId "24131750"]
[WhiteElo "1800"]
[BlackElo "2370"]
[Result "0-1"]
[Round "01"]
[TimeControl "180+1"]
[Date "2022.03.01"]
[WhiteClock "0:01:16"]
[BlackClock "0:02:10"]

1. d4 Nf6 2. c4 c5 3. d5 g6 4. Nc3 Bg7 5. g3 d6 6. Bg2 O-O 7. Nf3 e6 8. e4 exd5 9. exd5 Re8+ 10. Be3 Ng4 11. O-O Rxe3 12. fxe3 Nxe3 13. Qd2 Nxf1 14. Rxf1 Bg4 15. Kh1 Bxf3 16. Bxf3 Nd7 17. Ne4 Ne5 18. b3 a6 19. Be2 Qe7 20. Qf4 f5 21. Ng5 Bh6 22. h4 Nf7 23. Bd3 Bxg5 24. hxg5 Qxg5 25. Re1 Kf8 26. Qxg5 Nxg5 27. Kg2 Re8 28. Rxe8+ Kxe8 29. g4 fxg4 30. Kg3 Nf7 0-1


[Site "https://www.chess.com"]

[Event "Titled Tuesday Blitz March 01 Early 2022"]
[White "Zierk, Steven"]
[Black "Dounis, Alexandros"]
[WhiteFideId "2034255"]
[BlackFideId "4213238"]
[WhiteElo "2494"]
[BlackElo "2195"]
[Result "1-0"]
[Round "01"]
[TimeControl "180+1"]
[Date "2022.03.01"]
[WhiteClock "0:01:22"]
[BlackClock "0:00:26"]

1. b3 e5 2. Bb2 Nc6 3. c4 Nf6 4. e3 d5 5. cxd5 Nxd5 6. a3 a6 7. Qc2 Bd6 8. Nf3 O-O 9. d3 Be6 10. Nbd2 Re8 11. g3 f6 12. Bg2 Bf7 13. O-O Qd7 14. b4 Rad8 15. Rac1 Nb6 16. d4 exd4 17. Nxd4 Nxd4 18. Bxd4 Nd5 19. Ne4 b6 20. Nxd6 Qxd6 21. Qc6 Re7 22. Bb2 Red7 23. Qxd6 Rxd6 24. e4 Ne7 25. e5 Rd2 26. Bc3 Ra2 27. exf6 gxf6 28. Bxf6 Re8 29. Rfe1 Ng6 30. Rxe8+ Bxe8 31. Bd5+ Bf7 32. Bxa2 1-0


[Site "https://www.chess.com"]

[Event "Titled Tuesday Blitz March 01 Early 2022"]
[White "Aaditya Dhingra"]
[Black "Gerbelli Neto, Eduardo"]
[WhiteFideId "25678191"]
[BlackFideId "2103281"]
[WhiteElo "1789"]
[BlackElo "2178"]
[Result "0-1"]
[Round "02"]
[TimeControl "180+1"]
[Date "2022.03.01"]
[WhiteClock "0:00:03"]
[BlackClock "0:00:23"]

1. Nf3 Nf6 2. c4 c5 3. g3 d5 4. Bg2 Nc6 5. O-O e5 6. cxd5 Nxd5 7. Nc3 Nc7 8. d3 Be7 9. Be3 O-O 10. Rc1 b6 11. h4 f6 12. Ng5 Nd4 13. Bxa8 Nxa8 14. Nf3 Bb7 15. Bxd4 exd4 16. Ne4 Nc7 17. Qb3+ Kh8 18. Rfd1 Nd5 19. Ned2 f5 20. Ne5 f4 21. Ndf3 Qd6 22. g4 Bxh4 23. Kg2 Bf6 24. Nc4 Qe7 25. Rh1 Qxe2 26. Rh3 Ne3+ 27. Nxe3 fxe3 28. Rf1 Be7 29. Qe6 Rxf3 30. Qxe7 Rf7+ 31. Qxb7 Rxb7 32. Rf3 Kg8 0-1


[Site "https://www.chess.com"]

[Event "Titled Tuesday Blitz March 01 Early 2022"]
[White "Abdisalimov, Abdimalik"]
[Black "Mitusov, Semen"]
[WhiteFideId "14206323"]
[BlackFideId "14151049"]
[WhiteElo "2401"]
[BlackElo "2246"]
[Result "1-0"]
[Round "02"]
[TimeControl "180+1"]
[Date "2022.03.01"]
[WhiteClock "0:01:29"]
[BlackClock "0:00:45"]

1. c4 e5 2. g3 Nc6 3. Bg2 Bc5 4. Nc3 a6 5. e3 Ba7 6. Nge2 d6 7. d4 Nf6 8. O-O O-O 9. h3 h6 10. b3 Bf5 11. Bb2 exd4 12. Nxd4 Nxd4 13. exd4 c6 14. d5 Qc7 15. Qf3 Bd7 16. Rad1 Rfe8 17. Qf4 Rad8 18. Rd2 cxd5 19. Nxd5 Nxd5 20. Rxd5 Bc6 21. Qg4 f5 22. Rxf5 Bxg2 23. Kxg2 Rf8 24. Re1 Rxf5 25. Qxf5 Qc6+ 26. f3 Rf8 27. Qg4 Rf7 28. Re6 Qc5 29. Re8+ Kh7 30. Qe4+ Rf5 31. Bd4 1-0


[Site "https://www.chess.com"]

[Event "Titled Tuesday Blitz March 01 Early 2022"]
[White "Abdyzhapar, Asylbek"]
[Black "Vusatiuk, Vladimir"]
[WhiteFideId "13800337"]
[BlackFideId "14118610"]
[WhiteElo "2331"]
[BlackElo "2157"]
[Result "0-1"]
[Round "02"]
[TimeControl "180+1"]
[Date "2022.03.01"]
[WhiteClock "0:00:25"]
[BlackClock "0:00:09"]

1. e4 Nc6 2. Nf3 f5 3. exf5 d5 4. d4 Bxf5 5. Bb5 e6 6. O-O Bd6 7. Re1 Ne7 8. h3 O-O 9. c3 Qe8 10. Bf1 Qg6 11. Nh4 Qf6 12. Nxf5 Nxf5 13. Qf3 Rae8 14. Nd2 Qg6 15. Qg4 Qf7 16. Nf3 e5 17. dxe5 Nxe5 18. Nxe5 Bxe5 19. Bd2 Nd6 20. f3 Ne4 21. Be3 h5 22. Qh4 Bg3 23. Qxg3 Nxg3 24. Bd3 Nf5 25. Bf2 Rxe1+ 26. Rxe1 g6 27. Bc2 Re8 28. Rd1 c6 29. Bb3 Re2 30. c4 dxc4 31. Rd8+ Kh7 32. Bd1 Re8 33. Rd2 Qe7 34. g4 Ne3 35. Be2 Nd5 36. Bxc4 Nf4 37. Kh2 hxg4 38. hxg4 Rd8 39. Rc2 Rd1 40. Kg3 g5 41. Bg1 Rxg1+ 42. Kf2 Qe1# 0-1


[Site "https://www.chess.com"]

[Event "Titled Tuesday Blitz March 01 Early 2022"]
[White "Agasarov, Benik"]
[Black "Durarbayli, Vasif"]
[WhiteFideId "13314823"]
[BlackFideId "13402935"]
[WhiteElo "2584"]
[BlackElo "2528"]
[Result "0-1"]
[Round "02"]
[TimeControl "180+1"]
[Date "2022.03.01"]
[WhiteClock "0:00:14"]
[BlackClock "0:00:12"]

1. e4 c5 2. Nf3 d6 3. d4 cxd4 4. Nxd4 Nf6 5. Nc3 Nc6 6. Bc4 Qb6 7. Nb3 g6 8. O-O Bg7 9. Bg5 Qd8 10. Qd2 O-O 11. Rad1 Ne5 12. Be2 Be6 13. Nd4 Rc8 14. Nxe6 fxe6 15. f4 Qb6+ 16. Kh1 Nc4 17. Bxc4 Rxc4 18. b3 Rxc3 19. Qxc3 Nxe4 20. Qe1 d5 21. Bxe7 Rf7 22. Bh4 Bc3 23. Qe2 h6 24. Qg4 Kh7 25. Qe2 Rf5 26. Bf2 Qc7 27. Be3 b6 28. Kg1 h5 29. Qf3 Qc6 30. Qh3 Kg7 31. Qh4 Bf6 32. Bd4 e5 33. Bxe5 Rxe5 34. Qh3 Qc5+ 35. Kh1 Rf5 36. Qf3 Qxc2 37. Rc1 Qxa2 38. Rc7+ Kh6 39. g4 hxg4 40. Qe3 g3 41. Qg1 Rh5 0-1


[Site "https://www.chess.com"]

[Event "Titled Tuesday Blitz March 01 Early 2022"]
[White "Aggelis, Nikolaos"]
[Black "Lopez Del Alamo, Antonio"]
[WhiteFideId "4213220"]
[BlackFideId "2227339"]
[WhiteElo "2154"]
[BlackElo "2082"]
[Result "1-0"]
[Round "02"]
[TimeControl "180+1"]
[Date "2022.03.01"]
[WhiteClock "0:02:05"]
[BlackClock "0:01:48"]

1. d4 Nf6 2. Nf3 g6 3. g3 Bg7 4. Bg2 O-O 5. O-O d6 6. Nc3 c6 7. e4 Nbd7 8. a4 e5 9. a5 Qe7 10. b3 Rb8 11. dxe5 Nxe5 12. Ba3 Rd8 13. Qd4 b5 14. Qxe5 Qxe5 15. Nxe5 dxe5 16. Bc5 a6 17. Rfd1 Be6 18. Na2 Ne8 19. Nb4 Bf8 20. Bxf8 Kxf8 21. Nxc6 Rxd1+ 22. Rxd1 Rc8 23. Nb4 Nc7 24. Rd6 Ke7 25. Rb6 Kd7 26. Bf1 Rd8 27. Nxa6 1-0


[Site "https://www.chess.com"]